 Dungeon Crawl Stone Soup version 0.31-a0-977-gc230f8ef24 (console) character file.

Game seed: 12793778048137632644

5694 jejorda2 the Cleaver (level 10, -2/82 HPs)
             Began as a Gnoll Berserker on Oct 29, 2023.
             Was a High Priest of Trog.
             Killed from afar by an acid dragon (33 damage)
             ... with a splash of acid
             ... on level 10 of the Dungeon.
             The game lasted 00:18:48 (8267 turns).

jejorda2 the Cleaver (Gnoll Berserker)              Turns: 8267, Time: 00:18:49

Health: -2/82      AC: 14    Str: 20    XL:     10   Next: 76%
Magic:  18/18      EV:  8    Int:  8    God:    Trog [*****.]
Gold:   405        SH:  0    Dex: 11    Spells: 20/20 levels left

rFire   . . .        a - +6 shillelagh "Devastator" {shatter}
rCold   . . .        (no shield)
rNeg    . . .        n - +0 plate armour
rPois   .            (no helmet)
rElec   .            f - +0 cloak
rCorr   .            (no gloves)
SInv    +            o - +2 pair of boots
Will    .....        j - amulet of faith Stlth
                     k - ring of see invisible
HPRegen 0.33/turn    (no ring)
MPRegen 0.16/turn

%: faith
@: corroded
A: fangs 1, strong nose, distributed training
a: Renounce Religion, Berserk, Trog's Hand, Brothers in Arms


You were on level 10 of the Dungeon.
You worshipped Trog.
Trog was extremely pleased with you.
You visited 1 branch of the dungeon, and saw 10 of its levels.

You collected 609 gold pieces.
You spent 204 gold pieces at shops.

Inventory:

Hand Weapons
 a - the +6 shillelagh "Devastator" (weapon) {shatter}
   (You found it on level 5 of the Dungeon)
 b - the +8 frozen axe "Frostbite" {freeze, freezing cloud, *Noise Fly rC+}
   (You acquired it on level 8 of the Dungeon)

   rC+:       It protects you from cold.
   Fly:       It grants you flight.
   *Noise:    It may make a loud noise when swung.
 h - a +1 broad axe of draining
Missiles
 c - 12 boomerangs
 t - 5 curare-tipped darts
 y - 35 poisoned darts (quivered)
Armour
 d - a +0 kite shield
 f - a +0 cloak (worn)
 n - a +0 plate armour (worn)
 o - a +2 pair of boots (worn)
Jewellery
 j - an amulet of faith (around neck)
 k - a ring of see invisible (left hand)
Wands
 r - a wand of light (30)
 w - a wand of charming (6)
 B - a wand of digging (3)
Scrolls
 e - a scroll of noise
 g - 6 scrolls of teleportation
 l - a scroll of summoning
 m - 4 scrolls of enchant weapon
 p - a scroll of blinking
 q - a scroll of revelation
Potions
 i - 2 potions of attraction
 s - 3 potions of heal wounds
 u - a potion of resistance
 v - a potion of curing
 x - a potion of enlightenment
 z - a potion of mutation
 A - 2 potions of haste
 C - a potion of lignification {unknown}


   Skills:
 + Level 8.8 Fighting
 + Level 5.7 Short Blades
 + Level 5.7 Long Blades
 + Level 8.8 Axes
 + Level 5.7 Maces & Flails
 + Level 5.7 Polearms
 + Level 5.7 Staves
 + Level 5.7 Ranged Weapons
 + Level 5.7 Throwing
 + Level 7.4 Armour
 + Level 7.4 Dodging
 + Level 5.7 Stealth
 + Level 5.7 Shields
 + Level 5.7 Unarmed Combat
 + Level 5.7 Spellcasting
 + Level 4.7 Conjurations
 + Level 4.7 Hexes
 + Level 4.7 Summonings
 + Level 4.7 Necromancy
 + Level 4.7 Translocations
 + Level 4.7 Transmutations
 + Level 4.7 Fire Magic
 + Level 4.7 Ice Magic
 + Level 4.7 Air Magic
 + Level 4.7 Earth Magic
 + Level 4.7 Poison Magic
 + Level 6.2 Invocations
 + Level 5.7 Evocations
 + Level 5.2 Shapeshifting


You had 20 spell levels left.
You didn't know any spells.
Your spell library was empty.

Dungeon Overview and Level Annotations

Branches:
Dungeon (10/15)            Temple (0/1) D:7             Orc (0/2) D:9
   Lair: D:8-11

Altars:
Cheibriados
Fedhas
Gozag
Hepliaklqana
Qazlal
Yredelemnul
The Shining One

Shops:
D:3 ?

Annotations:
D:3 1 runed translucent door
D:9 3 runed translucent doors, p00ps00p's ghost, novice HOFi


Innate Abilities, Weirdness & Mutations

You have very sharp teeth.
Your uncanny sense of smell can sniff out nearby items.
Your experience applies equally to all skills.


Message History

P00ps00p's ghost whispers, "There is no future for you."
Done exploring.
Done exploring.
(D) Dungeon (T) Temple (O) Orcish Mines
Where to? (Tab/Enter - D:8 @ (x,y), ? - help)
There is a stone staircase leading down here.
You climb downwards.
The acid dragon roars!
Found a potion of curing and a scroll labelled FUPSOBESTI.
There is a stone staircase leading up here.
An acid dragon is nearby!
The acid dragon spits acid at you. The splash of acid hits you!!
You completely miss the acid dragon.
The acid dragon bites you but does no damage.
The acid dragon claws you but does no damage.
You barely miss the acid dragon. The acid dragon spits acid at you.
The splash of acid hits you.
You hit the acid dragon.
The acid dragon shudders.
The acid dragon is lightly wounded.
The acid dragon spits acid at you. The splash of acid hits you.
The acid corrodes you!
You hit the acid dragon but do no damage.
You bite the acid dragon, but do no damage.
The acid dragon is lightly wounded.
The acid dragon bites you but does no damage.
The acid dragon claws you but does no damage.
You hit the acid dragon but do no damage.
The acid dragon is lightly wounded.
The acid dragon spits acid at you. The splash of acid hits you!!
You are too injured to fight recklessly!
You are too injured to fight recklessly!
You are too injured to fight recklessly!
You sock the acid dragon!
The acid dragon shudders.
The acid dragon is heavily wounded.
The acid dragon spits acid at you. The splash of acid hits you!!
You die...

### .... .....
#.##########......
#.....D@..<.......
#.................
#..............!..
#.................
#.................
#.................
#.................
#..#######.....?..


You could see an acid dragon (catching breath).

Vanquished Creatures
  A two-headed ogre (D:8)
  Maurice (D:9)
  A troll (D:9)
  A hornet (D:8)
  A steam dragon (D:8)
  4 water moccasins
  4 ice beasts
  5 orc warriors
  A sky beast (D:7)
  4 ogres
  The ghost of Xavori the Trooper, an amateur DjCK of Xom (D:3)
  A centaur (D:7)
  A phantom (D:5)
  3 kobold brigands
  A gnoll sergeant (D:9)
  3 bullfrogs
  3 scorpions
  4 wights (D:8)
  11 killer bees
  A howler monkey (D:9)
  A jelly (D:5)
  3 hounds
  6 orc priests
  3 iguanas
  8 orc wizards
  5 gnolls (D:9)
  A river rat (D:3)
  8 adders
  2 shadow imps (D:6)
  A white imp (D:5)
  4 ufetubi
  8 worms
  2 dart slugs (D:2)
  39 orcs
  6 ball pythons
  5 bats
  10 endoplasms
  6 giant cockroaches
  8 goblins
  8 hobgoblins
  7 jackals
  5 quokkas
  A frilled lizard (D:3)
  22 kobolds
  3 rats
224 creatures vanquished.

Notes
Turn   | Place    | Note
-------+----------+-------------------------------------------
     0 | D:1      | jejorda2 the Gnoll Berserker began the quest for the Orb.
     0 | D:1      | Reached XP level 1. HP: 23/23 MP: 1/1
   217 | D:1      | Reached XP level 2. HP: 29/29 MP: 2/2
   279 | D:1      | Found a faded altar of an unknown god.
   532 | D:1      | Reached XP level 3. HP: 35/35 MP: 3/3
  1125 | D:2      | Reached ** piety under Trog
  1126 | D:2      | Reached skill level 1 in Invocations
  1185 | D:2      | Reached skill level 1 in Short Blades
  1185 | D:2      | Reached skill level 1 in Long Blades
  1185 | D:2      | Reached skill level 1 in Maces & Flails
  1185 | D:2      | Reached skill level 1 in Polearms
  1185 | D:2      | Reached skill level 1 in Staves
  1185 | D:2      | Reached skill level 1 in Ranged Weapons
  1185 | D:2      | Reached skill level 1 in Throwing
  1185 | D:2      | Reached skill level 1 in Stealth
  1185 | D:2      | Reached skill level 1 in Shields
  1185 | D:2      | Reached skill level 1 in Unarmed Combat
  1185 | D:2      | Reached skill level 1 in Spellcasting
  1185 | D:2      | Reached skill level 1 in Evocations
  1356 | D:2      | Reached XP level 4. HP: 41/41 MP: 5/5
  1439 | D:2      | Reached skill level 1 in Shapeshifting
  1760 | D:3      | Found a runed translucent door.
  1765 | D:3      | Noticed a bullfrog
  1777 | D:3      | Reached skill level 1 in Conjurations
  1777 | D:3      | Reached skill level 1 in Hexes
  1777 | D:3      | Reached skill level 1 in Summonings
  1777 | D:3      | Reached skill level 1 in Necromancy
  1777 | D:3      | Reached skill level 1 in Translocations
  1777 | D:3      | Reached skill level 1 in Transmutations
  1777 | D:3      | Reached skill level 1 in Fire Magic
  1777 | D:3      | Reached skill level 1 in Ice Magic
  1777 | D:3      | Reached skill level 1 in Air Magic
  1777 | D:3      | Reached skill level 1 in Earth Magic
  1777 | D:3      | Reached skill level 1 in Poison Magic
  1777 | D:3      | Noticed Xavori's ghost (amateur DjCK)
  1835 | D:3      | Found a runed translucent door.
  1850 | D:3      | Found a glowing golden altar of the Shining One.
  2102 | D:3      | Found Keqoeky's Magic Scroll Shop.
  2107 | D:3      | Bought a scroll of identify for 24 gold pieces
  2148 | D:3      | Reached XP level 5. HP: 46/47 MP: 5/7
  2312 | D:3      | Killed Xavori's ghost
  2313 | D:3      | Reached XP level 6. HP: 42/53 MP: 5/8
  2314 | D:3      | Reached skill level 5 in Armour
  2314 | D:3      | Reached skill level 5 in Dodging
  2744 | D:4      | Reached *** piety under Trog
  3049 | D:5      | Entered Level 5 of the Dungeon
  3089 | D:5      | Reached XP level 7. HP: 59/59 MP: 6/10
  3149 | D:5      | Found the +6 shillelagh "Devastator" {shatter}
  3962 | D:6      | Reached XP level 8. HP: 59/67 MP: 12/12
  4125 | D:6      | Found a basalt altar of Yredelemnul.
  4125 | D:6      | Found a hazy altar of Hepliaklqana.
  4126 | D:6      | Found a snail-covered altar of Cheibriados.
  5057 | D:7      | Reached XP level 9. HP: 69/73 MP: 14/14
  5200 | D:7      | Found an opulent altar of Gozag.
  5204 | D:7      | Reached **** piety under Trog
  5209 | D:7      | Found a stormy altar of Qazlal.
  5212 | D:7      | Found a blossoming altar of Fedhas.
  5259 | D:7      | Found a staircase to the Ecumenical Temple.
  6085 | D:7      | Reached skill level 5 in Invocations
  6239 | D:8      | Noticed a two-headed ogre
  6244 | D:8      | Killed a two-headed ogre
  6245 | D:8      | Reached XP level 10. HP: 80/80 MP: 15/17
  6332 | D:8      | Reached skill level 5 in Short Blades
  6332 | D:8      | Reached skill level 5 in Long Blades
  6332 | D:8      | Reached skill level 5 in Maces & Flails
  6332 | D:8      | Reached skill level 5 in Polearms
  6332 | D:8      | Reached skill level 5 in Staves
  6332 | D:8      | Reached skill level 5 in Ranged Weapons
  6332 | D:8      | Reached skill level 5 in Throwing
  6332 | D:8      | Reached skill level 5 in Stealth
  6332 | D:8      | Reached skill level 5 in Shields
  6332 | D:8      | Reached skill level 5 in Unarmed Combat
  6332 | D:8      | Reached skill level 5 in Spellcasting
  6332 | D:8      | Reached skill level 5 in Evocations
  6349 | D:8      | Identified a scroll of acquirement
  6349 | D:8      | Acquired the +8 frozen axe "Frostbite" {freeze, freezing
                  | cloud, *Noise Fly rC+}
  6349 | D:8      | Found the +8 frozen axe "Frostbite" {freeze, freezing
                  | cloud, *Noise Fly rC+}
  7198 | D:3      | Bought a scroll of blinking for 90 gold pieces
  7198 | D:3      | Bought a scroll of revelation for 90 gold pieces
  7392 | D:9      | Found a staircase to the Orcish Mines.
  7411 | D:9      | Reached skill level 5 in Shapeshifting
  7563 | D:9      | Reached ***** piety under Trog
  7601 | D:9      | Found a runed translucent gate.
  7601 | D:9      | Found a runed translucent gate.
  7601 | D:9      | Found a runed translucent gate.
  7602 | D:9      | Noticed p00ps00p's ghost (novice HOFi)
  8028 | D:9      | Noticed Maurice
  8033 | D:9      | Maurice stole the +8 frozen axe "Frostbite" {freeze,
                  | freezing cloud, *Noise Fly rC+}
  8034 | D:9      | Maurice stole 302 gold
  8035 | D:9      | Killed Maurice
  8258 | D:10     | Entered Level 10 of the Dungeon
  8267 | D:10     | Killed from afar by an acid dragon

Illustrated notes

Levels and vault maps discovered:
D:1:      dpeg_cavernosity, layout_basic, basic_ecumenical_altar,
          nicolae_eternal_life, minmay_domino_4
D:2:      layout_basic, amcnicky_mini_corridor_feature, nicolae_wormholes
D:3:      layout_rooms, mainiacjoe_overflow_paths, serial_shops, shop,
          ebering_ghost_sewer_f
D:4:      layout_gridville, corexii_checkpoint
D:5:      layout_loops_ring, dilly_guarded_unrand_devastator
D:6:      minmay_diamond_boxcup, layout_loops_ring,
          gammafunk_temple_overflow_claw
D:7:      layout_gridville, minmay_overflow_temple_star_quad, temple_green
D:8:      layout_rooms, minmay_splitting_lines
D:9:      layout_loops_ring, david_orc_5, ebering_ghost_rock_garden,
          uniq_maurice
D:10:     layout_long_grid, lair_entry_dummy, eino_house_with_fridge,
          uniq_psyche, uniq_grum

Skill      XL: |  1  2  3  4  5  6  7  8  9 10 |
---------------+-------------------------------+-----
Invocations    | 1 2 3 4 5 6 |  6.2
Short Blades   | 1 2 3 4 5 |  5.7
Long Blades    | 1 2 3 4 5 |  5.7
Maces & Flails | 1 2 3 4 5 |  5.7
Polearms       | 1 2 3 4 5 |  5.7
Staves         | 1 2 3 4 5 |  5.7
Ranged Weapons | 1 2 3 4 5 |  5.7
Throwing       | 1 2 3 4 5 |  5.7
Stealth        | 1 2 3 4 5 |  5.7
Shields        | 1 2 3 4 5 |  5.7
Unarmed Combat | 1 2 3 4 5 |  5.7
Spellcasting   | 1 2 3 4 5 |  5.7
Evocations     | 1 2 3 4 5 |  5.7
Shapeshifting  | 1 2 3 4 5 |  5.2
Conjurations   | 1 2 3 4 |  4.7
Hexes          | 1 2 3 4 |  4.7
Summonings     | 1 2 3 4 |  4.7
Necromancy     | 1 2 3 4 |  4.7
Translocations | 1 2 3 4 |  4.7
Transmutations | 1 2 3 4 |  4.7
Fire Magic     | 1 2 3 4 |  4.7
Ice Magic      | 1 2 3 4 |  4.7
Air Magic      | 1 2 3 4 |  4.7
Earth Magic    | 1 2 3 4 |  4.7
Poison Magic   | 1 2 3 4 |  4.7
Armour         | 5 6 7 |  7.4
Dodging        | 5 6 7 |  7.4
Fighting       | 7 8 |  8.8
Axes           | 7 8 |  8.8

Action                     |  1- 3 |  4- 6 |  7- 9 | 10-12 || total
---------------------------+-------+-------+-------+-------++-------
  Melee: Hand axe          |    95 |    53 |       |       ||   148
         Bite              |    11 |    17 |    10 |     9 ||    47
         Punch             |     4 |     1 |       |     2 ||     7
         Broad axe         |       |    98 |     1 |       ||    99
         Shillelagh        |       |       |   139 |    89 ||   228
  Throw: Dart              |       |       |     3 |    11 ||    14
 Invoke: Berserk           |       |     2 |     5 |     2 ||     9
         Trog's Hand       |       |     1 |       |     2 ||     3
    Use: Scroll            |       |     2 |    13 |     8 ||    23
         Potion            |       |       |       |     1 ||     1
 Armour: Animal skin       |     6 |       |       |       ||     6
         Ring mail         |    14 |       |       |       ||    14
         Scale mail        |    19 |    95 |    31 |       ||   145
         Plate armour      |       |       |    73 |   104 ||   177
  Dodge: Dodged            |    51 |    85 |   100 |    45 ||   281

Table legend: (Time is in decaauts)
 A = Elapsed time spent in this place.
 B = Non-inter-level travel time spent in this place.
 C = Inter-level travel time spent in this place.
 D = Time resting spent in this place.
 E = Time spent auto-exploring this place.
 F = Levels seen in this place.
 G = Mean time per level.
                   A        B        C        D        E       F      G
               +--------+--------+--------+--------+--------+-----+--------+
         Total |   8401 |   7583 |    818 |    448 |   5859 |  10 |  840.1 |
       Dungeon |   8401 |   7583 |    818 |    448 |   5859 |  10 |  840.1 |
               +--------+--------+--------+--------+--------+-----+--------+

Top non-repeatable levels by time:
     D:7: 1431 daAuts
     D:6: 1124 daAuts
     D:1: 1058 daAuts
     D:5: 971 daAuts
     D:8: 894 daAuts
     D:3: 771 daAuts
     D:9: 765 daAuts
     D:2: 691 daAuts
     D:4: 684 daAuts
    D:10: 8 daAuts
